 Dungeon Crawl Stone Soup version 0.27-a0-797-g27d10ad (webtiles) character file.

Game seed: 337022733149051607

102 TheGoonsmith the Skirmisher (level 4, -7/29 HPs)
             Began as a Gargoyle Fighter on Mar 27, 2021.
             Blown up by Ijyb (31 damage)
             ... with a mindburst bolt
             ... on level 3 of the Dungeon.
             The game lasted 00:03:13 (2289 turns).

TheGoonsmith the Skirmisher (Gargoyle Fighter)      Turns: 2289, Time: 00:03:13

Health: -7/29      AC: 11    Str: 20    XL:     4   Next: 77%
Magic:  4/4        EV:  7    Int:  9    God:
Gold:   92         SH:  9    Dex:  9    Spells: 3/3 levels left

rFire    . . .     SeeInvis .   a - +0 flail
rCold    . . .     Faith    .   c - +0 kite shield
rNeg     + . .     Spirit   .   b - +0 scale mail
rPois    ∞         Reflect  .   e - +0 helmet
rElec    +         Harm     .   (no cloak)
rCorr    .         Rampage  .   (no gloves)
Will     .....                  (no boots)
Stlth    ..........             (no amulet)
HPRegen  0.09/turn              (no ring)
MPRegen  0.09/turn              (no ring)

@: no status effects
A: AC +3, negative energy resistance 1, electricity resistance, torment
resistance 1, unbreathing 1, petrification resistance
a: no special abilities


You were on level 3 of the Dungeon.
You visited 1 branch of the dungeon, and saw 3 of its levels.

You collected 92 gold pieces.

Inventory:

Hand Weapons
 a - a +0 flail (weapon)
Armour
 b - a +0 scale mail (worn)
 c - a +0 kite shield (worn)
 e - a +0 helmet (worn)
Jewellery
 n - a +4 ring of evasion
Scrolls
 f - 2 scrolls of enchant weapon {unknown}
 g - a scroll of vulnerability {unknown}
 h - a scroll of amnesia {unknown}
 i - 2 scrolls of magic mapping {unknown}
 j - a scroll of blinking {unknown}
 k - a scroll of silence {unknown}
 l - a scroll of identify {unknown}
 m - 2 scrolls of teleportation {unknown}
Potions
 d - a potion of might


   Skills:
 + Level 4.0 Fighting
 * Level 3.5 Maces & Flails
 + Level 4.0 Armour
 - Level 3.7 Shields


You had 3 spell levels left.
You didn't know any spells.
Your spell library contained the following spells:

 Spells                   Type           Power      Damage    Failure   Level
 Magic Dart               Conj           0%         1d3       99%         1
 Blink                    Tloc           N/A        N/A       100%        2
 Call Imp                 Summ           0%         N/A       100%        2
 Slow                     Hex            0%         N/A       100%        2
 Conjure Flame            Conj/Fire      0%         6-21      100%        3
 Mephitic Cloud           Conj/Pois/Air  0%         N/A       100%        3


Dungeon Overview and Level Annotations

Branches:
Dungeon (3/15)

Altars:
Cheibriados
The Shining One

Shops:
D:2 ?*

Annotations:
D:3 3 runed translucent doors, Ijyb


Innate Abilities, Weirdness & Mutations

Your stone body is resilient. (AC +3)
You are immune to poison.
You resist negative energy. (rN+)
You are resistant to electric shocks. (rElec)
You are resistant to unholy torment.
You can survive without breathing.
You are immune to petrification.


Message History

The adder is severely wounded.
The adder bites you but does no damage. x2
You barely miss the adder.
The adder is severely wounded.
You block the adder's attack. The adder bites you but does no damage.
You sock the adder!
You kill the adder!
Your Fighting skill increases to level 4!
Your Armour skill increases to level 4!
Unknown command.
HP restored.
You see here an adder corpse.
Found 21 arrows.
Found a leather armour.
Ijyb the Twisted Goblin comes into view.
She is wielding a +1 dagger of venom and carrying a wand of mindburst (15).
Ijyb shouts!
Ijyb screams, "Me kill you!" Ijyb closely misses you.
You closely miss Ijyb.
Ijyb screams, "Die!"
Ijyb hits you with a +1 dagger of venom.
You hit Ijyb but do no damage.
Ijyb zaps a wand.
Your mind is blasted!
You block Ijyb's attack.
You hit Ijyb but do no damage. Ijyb hits you but does no damage.
You hit Ijyb.
Ijyb is lightly wounded.
You block Ijyb's attack.
Ijyb screams, "You nasty!
Big nasty!"
You block Ijyb's attack.
You hit Ijyb.
Ijyb is lightly wounded.
Ijyb hits you but does no damage.
You hit Ijyb.
Ijyb is moderately wounded.
Ijyb hits you but does no damage.
You barely miss Ijyb.
Ijyb is moderately wounded.
Ijyb hits you but does no damage.
Ijyb zaps a wand.
Your mind is blasted!
Ouch! That really hurt!
You die...

#.# #.#
##########.#######
.........>........ ###
##########.####### #..
##########.# #.#
.......†...# #.#
...#########
##########.#######.'
...#
#..@g.............)'
...#
#.####.....####.#..#
...# #.# ... #.#..#
...# #.# . #.#.[.
...###########.####....
#.####
...................# #.
#.####
...###########.###(.#
#.####....<
#..........# #...
..#.....#####
#........#.#####.[.
#..........


You could see Ijyb.

Vanquished Creatures
  3 gnolls (D:2)
  2 adders (D:3)
  A worm (D:2)
  A dart slug (D:1)
  2 ball pythons (D:1)
  3 endoplasms
  4 giant cockroaches
  7 goblins
  6 hobgoblins
  6 jackals (D:2)
  2 quokkas
  A bat (D:2)
  A frilled lizard (D:2)
  3 kobolds
  5 rats
47 creatures vanquished.

Notes
Turn   | Place    | Note
-------+----------+-------------------------------------------
     0 | D:1      | TheGoonsmith the Gargoyle Fighter began the quest for the
                  | Orb.
     0 | D:1      | Reached XP level 1. HP: 14/14 MP: 1/1
   150 | D:1      | Reached XP level 2. HP: 15/19 MP: 2/2
   554 | D:1      | Reached XP level 3. HP: 19/23 MP: 3/3
   656 | D:1      | Found a glowing golden altar of the Shining One.
  1004 | D:2      | Found Tuwnulun's Assorted Antiques.
  1678 | D:2      | Found Zogorraw's Magic Scroll Shoppe.
  1696 | D:2      | Reached XP level 4. HP: 21/29 MP: 4/4
  2038 | D:3      | Found a snail-covered altar of Cheibriados.
  2107 | D:3      | Found a runed translucent gate.
  2107 | D:3      | Found a runed translucent gate.
  2107 | D:3      | Found a runed translucent gate.
  2280 | D:3      | Noticed Ijyb
  2289 | D:3      | Blown up by Ijyb

Illustrated notes

Levels and vault maps discovered:
D:1:      dpeg_arrival_pits, layout_loops_ring, tso_metal_star
D:2:      layout_basic, serial_shops, shop,
          nicolae_shop_temple_entry_statues_fountains,
          amcnicky_mini_corridor_feature
D:3:      layout_basic, general_overflow_altar, gammafunk_ghost_icy,
          serial_glass, glass_columns_a, glass_columns_b, uniq_ijyb

Skill      XL: |  1  2  3  4 |
---------------+-------------+-----
Maces & Flails | 3 |  3.5
Fighting       | 4 |  4.0
Armour         | 4 |  4.0
Shields        | |  3.7

Action                   |  1- 3 |  4- 6 || total
-------------------------+-------+-------++-------
Melee: Flail             |   134 |    56 ||   190
Armor: Scale mail        |   112 |    30 ||   142
Dodge: Dodged            |    60 |    19 ||    79
Block: Kite shield       |   104 |    32 ||   136

Table legend: (Time is in decaauts)
 A = Elapsed time spent in this place.
 B = Non-inter-level travel time spent in this place.
 C = Inter-level travel time spent in this place.
 D = Time resting spent in this place.
 E = Time spent auto-exploring this place.
 F = Levels seen in this place.
 G = Mean time per level.
                   A        B        C        D        E       F      G
               +--------+--------+--------+--------+--------+-----+--------+
         Total |   2381 |   2310 |     71 |      0 |   1847 |   3 |  793.7 |
       Dungeon |   2381 |   2310 |     71 |      0 |   1847 |   3 |  793.7 |
               +--------+--------+--------+--------+--------+-----+--------+

Top non-repeatable levels by time:
     D:2: 1048 daAuts
     D:1: 1038 daAuts
     D:3: 294 daAuts
